 Dungeon Crawl Stone Soup version 0.31.0-11-ge490571c62 (webtiles) character file.

Game seed: 5730781639649477559

1960 Silvore the Slasher (level 9, -1/68 HPs)
             Began as a Demonspawn Fighter on Feb 10, 2024.
             Was a Follower of Okawaru.
             Succumbed to a gnoll's poison
             ... on level 8 of the Dungeon.
             The game lasted 00:08:50 (6287 turns).

Silvore the Slasher (Demonspawn Fighter)            Turns: 6287, Time: 00:08:51

Health: -1/68      AC: 17    Str: 21    XL:     9   Next: 0%
Magic:  18/18      EV:  6    Int:  8    God:    Okawaru [*.....]
Gold:   319        SH:  5    Dex: 13    Spells: 8/8 levels left

rFire   . . .        a - +2 long sword
rCold   . . .        c - +0 buckler
rNeg    + . .        p - +1 plate armour
rPois   .            (no helmet)
rElec   .            t - scarf "Soakiad" {shadows, Harm Fly}
rCorr   .            C - +0 pair of gloves
SInv    .            (no boots)
Will    .....        (no amulet) Stlth
                     i - ring of positive energy
HPRegen 0.31/turn    l - ring of magical power
MPRegen 0.16/turn

%: harm (+30% outgoing, +20% incoming)
@: lethally poisoned (-1 -> -18), flying, studying Evocations
A: claws 1, slimy green scales 2, (demonic guardian 3)
a: Renounce Religion, Heroism


You were on level 8 of the Dungeon.
You worshipped Okawaru.
Okawaru was aware of your devotion.
You visited 2 branches of the dungeon, and saw 9 of its levels.
You also visited: Ossuary.

You collected 319 gold pieces.

Inventory:

Hand Weapons
 a - a +2 long sword (weapon)
Armour
 b - a +0 scale mail
 c - a +0 buckler (worn)
 p - a +1 plate armour (worn)
 t - the scarf "Soakiad" (worn) {shadows, Harm Fly}
   (You acquired it on level 3 of the Dungeon)

   Fly:       It grants you flight.
   Harm:      It increases damage dealt and taken.
 v - a +0 cloak
 C - a +0 pair of gloves (worn)
Jewellery
 i - a ring of positive energy (left hand)
 l - a ring of magical power (right hand)
 x - a ring of protection from cold
 y - a ring of protection from cold
 D - a ring of positive energy
Wands
 k - a wand of polymorph (6)
 o - a wand of flame (24)
Scrolls
 j - 2 scrolls of enchant weapon
 q - a scroll of blinking
 r - 2 scrolls of teleportation
 u - a scroll of amnesia
 F - a scroll of revelation
Potions
 d - 2 potions of might
 e - a potion of heal wounds
 f - a potion of magic
 g - 5 potions of cancellation
 h - a potion of mutation {unknown}
 m - 4 potions of haste {unknown}
 n - 7 potions of curing {unknown}
 s - 3 potions of attraction {unknown}
 w - 2 potions of ambrosia {unknown}
 z - a potion of brilliance {unknown}
 A - 2 potions of experience {unknown}
 B - 3 potions of enlightenment {unknown}
 E - 2 potions of invisibility {unknown}
 G - a potion of degeneration {unknown}


   Skills:
 + Level 5.6 Fighting
 + Level 7.4 Long Blades
 + Level 5.6 Armour
 + Level 1.5 Dodging
 + Level 0.6 Stealth
 + Level 4.6 Shields


You had 8 spell levels left.
You didn't know any spells.
Your spell library was empty.

Dungeon Overview and Level Annotations

Branches:
Dungeon (8/15)             Temple (1/1) D:5         Ossuary (visited)
   Lair: D:8-11

Altars:
Cheibriados
Okawaru
Uskayaw
Vehumet
Xom
Yredelemnul


Innate Abilities, Weirdness & Mutations

You have sharp fingernails.
You are mostly covered in slimy green scales. (AC +3)
((A powerful demonic guardian rushes to your aid.))


Message History

A gnoll comes into view. It is wielding a +1 spear of venom.
The gnoll attacks as it pursues you! You block the gnoll's attack.
The gnoll hits you but does no damage.
You feel sick.
The gnoll shouts!
You hear a howl!
You hear an angry growl.
You hear a howl!
The gnoll bouda calls upon its god to heal the gnoll.
The gnoll is healed somewhat.
The gnoll hits you from afar with a +0 halberd!
The gnoll hits you but does no damage.
You feel sick. The gnoll attacks as it pursues you!
The gnoll hits you but does no damage.
You are more poisoned.
The gnoll attacks as it pursues you!
The gnoll hits you from afar with a +2 spear of venom.
You are more poisoned.
Found a shimmering altar of Xom.
You feel very sick.
The gnoll hits you from afar with a +1 spear of venom.
You are lethally poisoned!
The gnoll bouda calls upon its god to heal something.
The gnoll attacks as it pursues you!
The gnoll hits you from afar with a +2 spear of venom.
You are more poisoned.
There is a stone staircase leading down, spattered with blood here.
* * * LOW HITPOINT WARNING * * *
You feel extremely sick. The gnoll hits you but does no damage.
The gnoll bouda barks out a call to the hunt!
The gnoll picks up the pace!
The gnoll hits you but does no damage.
You fly downwards.
* * * LOW HITPOINT WARNING * * *
You feel very sick.
The orc warrior shouts!
The orc shouts! x2
Found 10 gold pieces and 7 stones.
There is a stone staircase leading up here.
* * * LOW HITPOINT WARNING * * *
You feel very sick.
Your attacks no longer feel as feeble.
You die...

.........(
.......$.#
.o....... ..
##........
...#........#
...o........#
#....@......
#...........
#.###.......
# #.......
#.......
........
........


You could see an orc warrior and an orc.

Vanquished Creatures
  An ice beast (D:6)
  An ogre (D:5)
  A centaur (D:5)
  2 phantoms
  An elf zombie (Ossuary)
  2 scorpions
  4 killer bees (D:7)
  A howler monkey (D:6)
  4 bombardier beetles
  A centaur zombie (Ossuary)
  2 hounds (D:5)
  An orc priest (D:5)
  A jelly (D:7)
  Jessica (D:2)
  5 iguanas
  A sleepcap (D:6)
  Terence (D:2)
  7 hound zombies (Ossuary)
  2 mummies (Ossuary)
  10 adders
  2 shadow imps (D:5)
  2 white imps (D:6)
  4 ufetubi
  3 adder zombies (Ossuary)
  A ribbon worm (D:3)
  5 dart slugs
  8 orcs
  3 ball pythons
  6 bats
  6 endoplasms
  2 giant cockroaches
  2 goblins (D:3)
  6 hobgoblins
  3 quokkas
  2 frilled lizards (D:1)
  6 gnoll zombies (Ossuary)
  A goblin zombie (D:5)
  5 jackal zombies (Ossuary)
  9 kobolds
  A kobold zombie (Ossuary)
  5 orc zombies (Ossuary)
  A quokka zombie (D:5)
  2 rats
134 creatures vanquished.

Vanquished Creatures (collateral kills)
  A centaur (D:4)
  An elf zombie (Ossuary)
  A human zombie (Ossuary)
  A gnoll bouda (D:4)
  An iguana (D:5)
  A hound zombie (Ossuary)
  4 gnolls (D:4)
  An adder zombie (Ossuary)
  A dart slug (D:4)
  2 orcs (D:4)
  2 endoplasms (D:2)
  A goblin (D:2)
  A quokka (D:4)
  A gnoll zombie (Ossuary)
  A jackal zombie (Ossuary)
  A kobold (D:4)
  A kobold zombie (Ossuary)
  An orc zombie (Ossuary)
23 creatures vanquished.

Grand Total: 157 creatures vanquished

Notes
Turn   | Place    | Note
-------+----------+-------------------------------------------
     0 | D:1      | Silvore the Demonspawn Fighter began the quest for the Orb.
     0 | D:1      | Reached XP level 1. HP: 18/18 MP: 1/1
   249 | D:1      | Reached skill level 2 in Long Blades
   325 | D:1      | Gained mutation: A weak demonic guardian rushes to your
                  | aid. [demonic ancestry]
   325 | D:1      | Reached XP level 2. HP: 24/24 MP: 2/2
   793 | D:2      | Gained mutation: A demonic guardian rushes to your aid.
                  | [demonic ancestry]
   793 | D:2      | Reached XP level 3. HP: 10/29 MP: 3/3
  1087 | D:2      | Noticed Terence
  1094 | D:2      | Killed Terence
  1095 | D:2      | Reached skill level 1 in Dodging
  1095 | D:2      | Gained mutation: You are partially covered in slimy green
                  | scales. (AC +2) [demonic ancestry]
  1095 | D:2      | Reached XP level 4. HP: 35/35 MP: 4/4
  1253 | D:2      | Noticed Jessica
  1268 | D:2      | Killed Jessica
  1269 | D:2      | Reached skill level 3 in Long Blades
  1897 | D:3      | Found a snail-covered altar of Cheibriados.
  1997 | D:3      | Reached XP level 5. HP: 8/41 MP: 5/5
  2548 | D:3      | Identified a scroll of acquirement
  2548 | D:3      | Acquired the scarf "Soakiad" {shadows, Harm Fly}
  2591 | D:4      | Reached skill level 4 in Long Blades
  2697 | D:4      | Gained mutation: A powerful demonic guardian rushes to your
                  | aid. [demonic ancestry]
  2697 | D:4      | Reached XP level 6. HP: 26/47 MP: 6/6
  3275 | D:4      | Reached skill level 5 in Long Blades
  3358 | D:4      | Found a hide-covered altar of Uskayaw.
  3449 | D:4      | Gained mutation: You are mostly covered in slimy green
                  | scales. (AC +3) [demonic ancestry]
  3449 | D:4      | Reached XP level 7. HP: 53/53 MP: 7/7
  3525 | D:5      | Entered Level 5 of the Dungeon
  3612 | D:5      | Found a sand-covered staircase.
  3631 | Ossuary  | Entered an ossuary
  3846 | Ossuary  | Reached skill level 6 in Long Blades
  3876 | Ossuary  | Gained mutation: You have sharp fingernails. [demonic
                  | ancestry]
  3876 | Ossuary  | Reached XP level 8. HP: 48/60 MP: 8/8
  4295 | D:5      | Found a staircase to the Ecumenical Temple.
  4418 | Temple   | Entered the Ecumenical Temple
  4421 | Temple   | Became a worshipper of Warmaster Okawaru
  4464 | D:5      | Found a basalt altar of Yredelemnul.
  4464 | D:5      | Found a radiant altar of Vehumet.
  4820 | D:5      | Reached skill level 5 in Armour
  5405 | D:6      | Reached skill level 7 in Long Blades
  5495 | D:6      | Reached skill level 5 in Fighting
  5692 | D:6      | Reached * piety under Okawaru
  6131 | D:7      | Reached XP level 9. HP: 33/68 MP: 9/9
  6283 | D:7      | Found a shimmering altar of Xom.
  6286 | D:8      | HP: 3/68 [poisoned by a gnoll]
  6287 | D:8      | Succumbed to a gnoll's poison

Illustrated notes

Levels and vault maps discovered:
D:1:      eino_arrival_cavern_c, layout_basic, chequers_serial_rivers_small_a
D:2:      layout_basic, grunt_decor_arrowhead, kennysheep_small_spiral,
          nicolae_concentric_dashed_squares_mild, uniq_jessica, uniq_terence
D:3:      layout_loops_ring, kennysheep_slug_shrine, nrook_mini_vaults
D:4:      layout_loops_cross, nicolae_uskayaw_dance_hall
D:5:      layout_basic, gammafunk_temple_overflow_elements,
          minmay_temple_entry_antechambers, enter_ossuary_4, bh_walls_and_bars
D:6:      layout_cave_pools, minmay_manual_mullet
D:7:      layout_cave_pools, cheibrodos_ashenzari_chains, xom_shifter_show,
          kennysheep_cross_bottleneck
D:8:      layout_cave_pools, grunt_gozag_statues, makhleb_altar_promises_db,
          nicolae_overflow_two_pavilions, nicolae_overflow_squiral,
          mainiacjoe_overflow_concentric_impassable,
          hellmonk_overflow_destroyed_library, special_room [special_room_orc],
          reono_crystal_passage, columned_hall_lemuel, grunt_ministairs_4,
          eino_small_chamber_without_monster
Temple:   ebering_the_one_and_only

Skill      XL: |  1  2  3  4  5  6  7  8 |
---------------+-------------------------+-----
Long Blades    | 2 3 4 5 6 7 |  7.4
Shields        | 3 4 |  4.6
Armour         | 3 4 5 |  5.6
Dodging        | 1 |  1.5
Fighting       | 4 5 |  5.6
Stealth        | |  0.6

Action                     |  1- 3 |  4- 6 |  7- 9 || total
---------------------------+-------+-------+-------++-------
  Melee: Long sword        |    78 |   152 |   393 ||   623
         Unarmed           |     3 |       |       ||     3
    Use: Scroll            |     4 |     7 |     3 ||    14
         Potion            |       |     1 |     3 ||     4
 Armour: Scale mail        |    75 |    14 |       ||    89
         Skin              |     1 |       |       ||     1
         Plate armour      |       |   124 |   608 ||   732
  Dodge: Dodged            |    46 |    48 |   194 ||   288
  Block: Buckler           |    22 |    37 |   162 ||   221
